 Dungeon Crawl Stone Soup version 0.28-a0-881-gae16bb6c82 (webtiles) character file.

Game seed: 15333517740207333793

30 Gargoyl the Skirmisher (level 3, -2/35 HPs)
             Began as a Gnoll Abyssal Knight on Nov 21, 2021.
             Was a Follower of Lugonu.
             Frozen to death by an endoplasm (3 damage)
             ... on level 2 of the Dungeon.
             The game lasted 00:01:39 (1215 turns).

Gargoyl the Skirmisher (Gnoll Abyssal Knight)       Turns: 1215, Time: 00:01:39

Health: -2/35      AC:  5    Str: 13    XL:     3   Next: 18%
Magic:  6/6        EV: 12    Int:  9    God:    Lugonu [*.....]
Gold:   77         SH:  0    Dex: 12    Spells: 3/3 levels left

rFire   . . .      SeeInvis .   a - +1 hand axe
rCold   . . .      Faith    .   (no shield)
rNeg    . . .      Spirit   .   b - +0 leather armour
rPois   .          Reflect  .   (no helmet)
rElec   .          Harm     .   (no cloak)
rCorr   .          Rampage  .   (no gloves)
Will    .....                   c - +1 pair of boots
Stlth   +.........              (no amulet)
HPRegen 0.11/turn               (no ring)
MPRegen 0.10/turn               (no ring)

@: lethally poisoned (-2 -> -4)
A: fangs 1, strong nose, distributed training
a: Renounce Religion, Depart the Abyss


You were on level 2 of the Dungeon.
You worshipped Lugonu.
Lugonu was aware of your devotion.
You visited 1 branch of the dungeon, and saw 2 of its levels.
You visited the Abyss 1 time.

You collected 77 gold pieces.

Inventory:

Hand Weapons
 a - a +1 hand axe (weapon)
Armour
 b - a +0 leather armour (worn)
 c - a +1 pair of boots (worn)
Scrolls
 d - a scroll of identify
 e - 2 scrolls of fog {unknown}
 f - a scroll of enchant armour {unknown}


   Skills:
 + Level 6.5 Fighting
 + Level 0.6 Short Blades
 + Level 0.6 Long Blades
 + Level 4.5 Axes
 + Level 0.6 Maces & Flails
 + Level 0.6 Polearms
 + Level 0.6 Staves
 + Level 0.6 Slings
 + Level 0.6 Bows
 + Level 0.6 Crossbows
 + Level 0.6 Throwing
 + Level 4.5 Armour
 + Level 2.5 Dodging
 + Level 0.6 Stealth
 + Level 0.6 Shields
 + Level 0.6 Unarmed Combat
 + Level 0.6 Spellcasting
 + Level 0.4 Conjurations
 + Level 0.4 Hexes
 + Level 0.4 Summonings
 + Level 0.4 Necromancy
 + Level 0.4 Translocations
 + Level 0.4 Transmutations
 + Level 0.4 Fire Magic
 + Level 0.4 Ice Magic
 + Level 0.4 Air Magic
 + Level 0.4 Earth Magic
 + Level 0.4 Poison Magic
 + Level 4.5 Invocations
 + Level 0.6 Evocations


You had 3 spell levels left.
You didn't know any spells.
Your spell library was empty.

Dungeon Overview and Level Annotations

Branches:
Dungeon (2/15)

Altars:

Annotations:
D:2 Jessica


Innate Abilities, Weirdness & Mutations

You have very sharp teeth.
Your uncanny sense of smell can sniff out nearby items.
Your experience applies equally to all skills.


Message History

The hobgoblin closely misses you. The adder bites you.
* * * LOW HITPOINT WARNING * * *
You are lethally poisoned!
The adder poisons you! The endoplasm freezes you.
You are frozen.
* * * LOW HITPOINT WARNING * * *
Your leather armour prevents you from hitting the adder.
The adder is severely wounded.
You completely miss the endoplasm. You hit the hobgoblin.
* * * LOW HITPOINT WARNING * * *
You feel sick. The adder closely misses you. The hobgoblin barely misses you.
The endoplasm hits you but does no damage.
Unknown command.
You barely miss the adder. Your bite misses the adder.
The adder is severely wounded.
You hit the hobgoblin. You hit the endoplasm.
You kill the endoplasm!
Lugonu accepts your kill.
* * * LOW HITPOINT WARNING * * *
You feel sick. The adder bites you but does no damage.
The hobgoblin closely misses you. The adder closely misses you.
You aren't carrying any potions.
Okay, then.
You closely miss the adder. Your bite misses the adder.
The adder is severely wounded.
You slash the hobgoblin!
You kill the hobgoblin!
Lugonu accepts your kill.
* * * LOW HITPOINT WARNING * * *
You feel sick. The adder bites you but does no damage.
You hit the adder.
You kill the adder!
Lugonu accepts your kill.
You hit the endoplasm.
* * * LOW HITPOINT WARNING * * *
You feel sick. The endoplasm freezes you.
You are frozen.
You die...

#..../.....,,,,,,,..
###..........,,,,,,,..
#..........$.,,,,,,,..
#............,,,,,**##
#...........,,,,,,* *
####....###*,,,,,,****
####....#***,,,,,,*,,,
#.......##...,,****,,,
#....@.......,,****,,,
#...J†.......**,,,,,,,
#............,,,,,,,,,
##...........,,,,,,,,,
*#.......##..,,,,,,,,,
*........#*..,,,,,,,,,
#........#*,,,,,,,,,,,
#....>..$#**,,,,,,,,,,
*,,,*,,,,,,,*********,


You could see an endoplasm.

Vanquished Creatures
  An adder (D:2)
  A ball python (D:1)
  4 endoplasms
  2 giant cockroaches
  5 goblins
  5 hobgoblins
  A quokka (D:1)
  3 bats
  A frilled lizard (D:1)
  2 rats
25 creatures vanquished.

Vanquished Creatures (others)
  A fungus (D:2)
  4 plants (D:1)
5 creatures vanquished.

Grand Total: 30 creatures vanquished

Notes
Turn   | Place    | Note
-------+----------+-------------------------------------------
     0 | Abyss:1  | Gargoyl the Gnoll Abyssal Knight began the quest for the
                  | Orb.
     0 | Abyss:1  | Reached XP level 1. HP: 23/23 MP: 3/3
    65 | Abyss:1  | Noticed a small abomination
    95 | Abyss:1  | Noticed a chaos spawn
   112 | Abyss:1  | Noticed a cacodemon
   119 | Abyss:1  | Noticed a raiju
   123 | D:1      | Escaped the Abyss
   448 | D:1      | Reached XP level 2. HP: 26/29 MP: 5/5
  1122 | D:2      | Noticed Jessica
  1124 | D:2      | Reached * piety under Lugonu
  1125 | D:2      | Reached XP level 3. HP: 29/35 MP: 6/6
  1215 | D:2      | HP: 1/35 [poisoned by an adder]
  1215 | D:2      | Frozen to death by an endoplasm

Illustrated notes

Levels and vault maps discovered:
D:1:      giann_wishing_wells, layout_rooms, serial_bayou, serial_bayou_ford_a,
          serial_bayou_crossing, serial_bayou_pond_a, serial_bayou_pond_a,
          chequers_mini_garden
D:2:      minmay_evil_eye, layout_basic, serial_shops, nicolae_shop_waterfront,
          minmay_gold_behind_fungi, uniq_terence, uniq_jessica

Action                   || total
-------------------------++-------
Melee: Hand axe          ||    68
       Bite              ||     4
Invok: Depart the Abyss  ||     1
  Use: Scroll            ||     4
Armor: Leather armour    ||    23
Dodge: Dodged            ||    39

Table legend: (Time is in decaauts)
 A = Elapsed time spent in this place.
 B = Non-inter-level travel time spent in this place.
 C = Inter-level travel time spent in this place.
 D = Time resting spent in this place.
 E = Time spent auto-exploring this place.
 F = Levels seen in this place.
 G = Mean time per level.
                   A        B        C        D        E       F      G
               +--------+--------+--------+--------+--------+-----+--------+
         Total |   1231 |   1216 |     15 |     50 |    889 |   3 |  410.3 |
       Dungeon |   1107 |   1092 |     15 |     50 |    837 |   2 |  553.5 |
         Abyss |    124 |    124 |      0 |      0 |     52 |   1 |  124.0 |
               +--------+--------+--------+--------+--------+-----+--------+

Top non-repeatable levels by time:
     D:1: 957 daAuts
     D:2: 149 daAuts
 Abyss:1: 124 daAuts
